 Dungeon Crawl Stone Soup version 0.24-a0-358-g53aee78b01 (webtiles) character file.

Game seed: 6005304921561964099

17371 HAL9000 the Martial Artist (level 12, -6/106 HPs)
             Began as a Red Draconian Transmuter on May 25, 2019.
             Was the Champion of Cheibriados.
             Mangled by an eight-headed hydra (8 damage)
             ... on level 2 of the Lair of Beasts.
             The game lasted 00:37:44 (14991 turns).

HAL9000 the Martial Artist (DrTm)                  Turns: 14991, Time: 00:37:45

Health: -6/106     AC: 13    Str: 29    XL:     12   Next: 18%
Magic:  18/22      EV: 17    Int: 28    God:    Cheibriados [******]
Gold:   719        SH:  7    Dex: 31    Spells: 11/24 levels left

rFire    + . .     SeeInvis .   v - staff of wizardry
rCold    . . .     Gourm    .   D - +0 buckler
rNeg     . . .     Faith    .   (armour unavailable)
rPois    .         Spirit   .   (helmet restricted)
rElec    .         Reflect  .   A - +0 cloak
rCorr    .         Harm     .   j - +2 pair of gloves
MR       .....                  (no boots)
Stlth    ++........             z - amulet of regeneration
HPRegen  0.67/turn              C - +1 ring of protection
MPRegen  0.18/turn              (no ring)

@: short of breath, very slow
A: breathe fire, unfitting armour, fire resistance 1, cold-blooded, AC +8
a: Breathe Fire, Bend Time, Temporal Distortion, Slouch, Step From Time,
Renounce Religion


You were on level 2 of the Lair of Beasts.
You worshipped Cheibriados.
Cheibriados was exalted by your worship.
You were not hungry.

You visited 3 branches of the dungeon, and saw 14 of its levels.

You collected 719 gold pieces.

Inventory:

Missiles
 a - 192 arrows
 i - 6 boomerangs (quivered)
Armour
 j - a +2 pair of gloves (worn)
 A - a +0 cloak (worn)
 D - a +0 buckler (worn)
Magical Staves
 v - an uncursed staff of wizardry (weapon)
Jewellery
 w - an uncursed amulet of the acrobat
 z - an amulet of regeneration (around neck)
 C - a +1 ring of protection (left hand)
 H - an uncursed ring of ice
Wands
 x - a wand of acid (11)
 y - a wand of iceblast (9)
 B - a wand of scattershot (7)
 E - a wand of polymorph (5)
Scrolls
 f - 2 scrolls of random uselessness {unknown}
 h - 4 scrolls of remove curse
 k - 2 scrolls of enchant weapon {unknown}
 m - 3 scrolls of blinking
 n - 4 scrolls of teleportation
 o - 5 scrolls of amnesia
 p - 3 scrolls of fear
 r - 3 scrolls of magic mapping
 G - a scroll of vulnerability
 J - a scroll of silence
Potions
 b - a potion of lignification
 d - a potion of magic
 e - 2 potions of flight
 g - 9 potions of curing
 l - 3 potions of heal wounds
 q - a potion of mutation
 s - 3 potions of brilliance
 t - 2 potions of agility
 u - a potion of cancellation
 I - a potion of might
Comestibles
 c - 20 rations
 F - 2 chunks of flesh


   Skills:
 - Level 10.3 Fighting
 - Level 4.5 Dodging
 + Level 3.1 Shields
 - Level 10.7 Unarmed Combat
 - Level 6.8 Spellcasting
 - Level 9.5 Transmutations
 + Level 7.2 Invocations


You had 11 spell levels left.
You knew the following spells:

 Your Spells              Type           Power        Failure   Level  Hunger
a - Beastly Appendage     Tmut           ######       1%          1    None
b - Sticks to Snakes      Tmut           ######..     1%          2    None
c - Spider Form           Tmut/Pois      #####.....   1%          3    None
d - Blade Hands           Tmut           ######....   1%          5    #####..
e - Blink                 Tloc           N/A          4%          2    None

Your spell library contained the following spells:

 Spells                   Type           Power        Failure   Level  Hunger
 Magic Dart               Conj           #...         2%          1    None
 Ice Form                 Ice/Tmut       #####...     3%          4    ##.....
 Call Imp                 Summ           #.......     4%          2    None
 Searing Ray              Conj           #.....       4%          2    None
 Slow                     Hex            #.......     4%          2    None
 Conjure Flame            Conj/Fire      #.......     8%          3    None
 Dazzling Spray           Conj/Hex       #.....       8%          3    None
 Mephitic Cloud           Conj/Pois/Air  #.......     8%          3    None
 Force Lance              Conj/Tloc      #.......     24%         4    ##.....
 Fulminant Prism          Conj/Hex       #.........   24%         4    ##.....
 Iskenderun's Mystic Bla  Conj           #.......     24%         4    ##.....


Dungeon Overview and Level Annotations

Branches:
Dungeon (11/15)            Temple (1/1) D:6            Lair (2/6) D:11
    Orc (0/2) D:11
  Swamp: Lair:2-4    Shoals: Lair:2-4     Snake: Lair:2-4    Spider: Lair:2-4

Altars:
Ashenzari
Cheibriados
Dithmenos
Elyvilon
Fedhas
Gozag
Hepliaklqana
Kikubaaqudgha
Makhleb
Nemelex Xobeh
Okawaru
Qazlal
Ru
Sif Muna
Trog
Uskayaw
Vehumet
Wu Jian
Xom
Yredelemnul
Zin
The Shining One

Annotations:
D:11 2 transporters, Tarias's ghost, journeyman TrBe


Innate Abilities, Weirdness & Mutations

You can breathe blasts of fire.
Your fiery red scales are hard. (AC +8)
You cannot fit into any form of body armour.
Your flesh is heat resistant. (rF+)
You are cold-blooded and may be slowed by cold attacks.


Message History

The eight-headed hydra bites you but does no damage.
The eight-headed hydra bites you! The eight-headed hydra bites you.
Press: ? - help, Shift-Dir - straight line, f - eight-headed hydra
Aim: an eight-headed hydra You breathe a blast of fire.
The fiery breath hits the eight-headed hydra!
The eight-headed hydra is lightly wounded.
You feel somewhat more hungry. The eight-headed hydra bites you!
* * * LOW HITPOINT WARNING * * *
The eight-headed hydra closely misses you.
You block the eight-headed hydra's attack.
The eight-headed hydra bites you!
* * * LOW HITPOINT WARNING * * *
The eight-headed hydra bites you but does no damage.
The eight-headed hydra bites you!
* * * LOW HITPOINT WARNING * * *
The eight-headed hydra bites you.
* * * LOW HITPOINT WARNING * * *
The eight-headed hydra bites you!
You die...

.... .... ..... .....
....# ....# .
.....###+..# #...# ..
.P#.#......## ##...###..>
.###....⌠...## ....P§....
####.........###.........
..#..⌠..<..⌠..##.........
.#.............##DY......
#....†..⌠^......@#Y......
.....#......†....#.....##
..⌠..#.....#..⌠...##...#
....##..⌠..##...........#
....##.....##.......^..#.
....##......#............
.#+###.....###...#.......
.. #...+## ....###...


PP# #.... .#. You could see an eight-headed hydra and a yak.

Vanquished Creatures
  Fannar (D:10)
  2 two-headed ogres
  Erica (D:9)
  Nergalle (Lair:1)
  A cyclops (D:11)
  Joseph (D:7)
  2 spiny frogs
  3 komodo dragons (Lair:1)
  3 hippogriffs
  A wraith (D:11)
  14 yaks
  A basilisk (Lair:2)
  A hungry ghost (D:11)
  A wyvern (D:11)
  2 steam dragons
  Edmund (D:5)
  3 wargs (D:11)
  Menkaure (D:7)
  20 water moccasins
  5 porcupines
  3 ice beasts
  An orc warrior (D:7)
  A swamp drake (D:10)
  2 black bears (D:7)
  6 phantoms
  9 wolves
  2 ogres
  2 centaurs
  2 crocodiles
  4 bullfrogs
  3 scorpions
  7 killer bees
  8 wights
  An electric eel (D:10)
  3 howler monkeys
  5 crimson imps
  A bullfrog zombie (D:9)
  A centaur zombie (D:10)
  A jelly (D:8)
  5 orc priests
  5 hounds
  A bullfrog skeleton (D:8)
  11 orc wizards
  4 iguanas
  7 worker ants
  Natasha (thrice) (D:4)
  Terence (D:2)
  8 ogre zombies (D:11)
  2 hound skeletons
  A worker ant zombie (D:8)
  A howler monkey zombie (D:7)
  Robin (D:4)
  3 gnolls (D:6)
  29 adders
  A howler monkey skeleton (D:9)
  3 shadow imps
  An ooze (D:2)
  2 adder zombies
  4 worms
  3 dart slugs (D:1)
  3 leopard geckos
  33 orcs
  4 giant cockroaches
  21 goblins
  7 hobgoblins
  8 jackals
  10 kobolds
  7 quokkas
  9 bats
  6 frilled lizards
  2 goblin skeletons (D:11)
  3 goblin zombies (D:11)
  5 hobgoblin zombies (D:11)
  A leopard gecko zombie (D:4)
  An orc skeleton (D:11)
  13 orc zombies (D:11)
  3 rats
359 creatures vanquished.

Vanquished Creatures (collateral kills)
  Sigmund (D:4)
  An ogre (D:6)
2 creatures vanquished.

Vanquished Creatures (others)
  A human (D:2)
  A fungus (Lair:1)
2 creatures vanquished.

Grand Total: 363 creatures vanquished

Notes
Turn   | Place    | Note
-------+----------+-------------------------------------------
     0 | D:1      | HAL9000 the Draconian Transmuter began the quest for the
                  | Orb.
     0 | D:1      | Reached XP level 1. HP: 16/16 MP: 3/3
   189 | D:1      | Reached XP level 2. HP: 12/23 MP: 3/5
   195 | D:1      | HP: 1/23 [dart slug/slug dart (7)]
  1090 | D:2      | Reached XP level 3. HP: 28/28 MP: 4/6
  1127 | D:2      | Noticed Terence
  1160 | D:2      | Killed Terence
  1396 | D:2      | Learned a level 2 spell: Sticks to Snakes
  1400 | D:2      | Learned a level 3 spell: Spider Form
  1444 | D:2      | Reached XP level 4. HP: 25/35 MP: 5/7
  1918 | D:2      | Found an ancient bone altar of Kikubaaqudgha.
  1959 | D:2      | Noticed a human
  1961 | D:2      | Killed a human
  2540 | D:2      | Reached XP level 5. HP: 33/40 MP: 4/8
  3015 | D:3      | Reached skill level 5 in Unarmed Combat
  4284 | D:4      | Noticed a phantom
  4299 | D:4      | Killed a phantom
  4299 | D:4      | Reached XP level 6. HP: 32/47 MP: 5/9
  4512 | D:4      | Noticed Natasha
  4527 | D:4      | Killed Natasha
  4857 | D:4      | Found a sacrificial altar of Ru.
  4978 | D:4      | Noticed Robin
  4982 | D:4      | Noticed Sigmund
  4986 | D:4      | Killed Robin
  4986 | D:4      | Your scales start taking on a fiery red colour.
  4986 | D:4      | Reached XP level 7. HP: 34/52 MP: 6/10
  4986 | D:4      | Gained mutation: Your flesh is heat resistant. (rF+) [Red
                  | Draconian growth]
  5001 | D:4      | Noticed Natasha
  5309 | D:4      | Killed Natasha
  5386 | D:4      | Killed Sigmund
  5386 | D:4      | Reached skill level 5 in Transmutations
  5503 | D:4      | Noticed Natasha
  5509 | D:4      | Killed Natasha
  5545 | D:5      | Entered Level 5 of the Dungeon
  6007 | D:5      | Noticed Edmund
  6027 | D:5      | Killed Edmund
  6027 | D:5      | Reached XP level 8. HP: 22/59 MP: 2/11
  7654 | D:6      | Learned a level 5 spell: Blade Hands
  7726 | D:6      | Found a shimmering altar of Xom.
  7823 | D:6      | Found a staircase to the Ecumenical Temple.
  7893 | Temple   | Entered the Ecumenical Temple
  8017 | Temple   | Became a worshipper of Cheibriados the Contemplative
  8329 | D:7      | Noticed Joseph
  8341 | D:7      | Killed Joseph
  8341 | D:7      | Reached skill level 10 in Unarmed Combat
  8341 | D:7      | Reached XP level 9. HP: 26/64 MP: 7/12
  8555 | D:7      | Reached * piety under Cheibriados
  8902 | D:7      | Noticed Menkaure
  8908 | D:7      | Killed Menkaure
  9575 | D:8      | Reached ** piety under Cheibriados
 10297 | D:8      | Got a translucent mace
 10304 | D:8      | Identified the cursed +3 mace of Bisatwum {drain, Str+3}
                  | (You found it on level 8 of the Dungeon)
 10339 | D:8      | Reached XP level 10. HP: 77/77 MP: 7/13
 10690 | D:9      | Reached *** piety under Cheibriados
 10707 | D:9      | Reached skill level 5 in Fighting
 10785 | D:9      | Learned a level 2 spell: Blink
 10972 | D:9      | Noticed a two-headed ogre
 10980 | D:9      | Killed a two-headed ogre
 10980 | D:9      | Reached skill level 5 in Spellcasting
 11030 | D:9      | Found a glowing silver altar of Zin.
 11351 | D:10     | Entered Level 10 of the Dungeon
 11354 | D:10     | Noticed Erica
 11527 | D:9      | Killed Erica
 11671 | D:10     | Noticed Fannar
 11682 | D:10     | Killed Fannar
 11682 | D:10     | Reached XP level 11. HP: 89/92 MP: 14/21
 12174 | D:10     | Reached **** piety under Cheibriados
 12767 | D:11     | Noticed a two-headed ogre
 12771 | D:11     | Killed a two-headed ogre
 12771 | D:11     | Reached ***** piety under Cheibriados
 12976 | D:11     | Reached skill level 10 in Fighting
 12977 | D:11     | Found a staircase to the Orcish Mines.
 13033 | D:11     | Found a bloodstained altar of Trog.
 13082 | D:11     | Found a transporter.
 13083 | D:11     | Found a transporter.
 13084 | D:11     | Noticed Tarias's ghost (journeyman TrBe)
 13085 | D:11     | Identified the +8 great mace "Efiluir" {pain, rC+ SInv}
 13085 | D:11     | Identified the cursed +0 dire flail of Bile {antimagic,
                  | *Rage MR- Str+2 Dex+8}
 13085 | D:11     | Noticed a two-headed ogre
 13590 | D:11     | Found a staircase to the Lair.
 13750 | Lair:1   | Entered Level 1 of the Lair of Beasts
 13871 | Lair:1   | Reached skill level 1 in Invocations
 14201 | Lair:1   | Noticed Nergalle
 14206 | Lair:1   | Killed Nergalle
 14209 | Lair:1   | Reached skill level 5 in Invocations
 14903 | Lair:2   | Reached XP level 12. HP: 106/106 MP: 16/22
 14904 | Lair:2   | Reached skill level 1 in Shields
 14976 | Lair:2   | Reached ****** piety under Cheibriados
 14980 | Lair:2   | Noticed an eight-headed hydra
 14991 | Lair:2   | HP: 2/106 [eight-headed hydra (6)]
 14991 | Lair:2   | Mangled by an eight-headed hydra

Levels and vault maps discovered:
D:1:      dpeg_arrival_line_fractal, layout_basic, minmay_heptomino_h4
D:2:      minmay_alternating_diamond, layout_loops_ring, st_stairs_3,
          tgw_kikubaaqudgha, uniq_terence
D:3:      layout_basic
D:4:      layout_gridville, nicolae_ru_the_path_less_chosen, uniq_sigmund,
          uniq_natasha, uniq_robin
D:5:      layout_gridville, first_ration, uniq_edmund
D:6:      layout_cave_pools, minmay_temple_entry_grid, basic_altar, minivault_25
D:7:      layout_basic, uniq_joseph, uniq_menkaure
D:8:      layout_basic
D:9:      layout_loops_cross, basic_altar
D:10:     lemuel_reptile_caves, layout_long_grid, uniq_fannar, uniq_erica
D:11:     layout_basic, erik_lair_orcish_takeover, zombieorc2_lemuel,
          gammafunk_ghost_smash, basic_altar
Temple:   kilobyte_greek_temple
Lair:1:   layout_long_grid, grunt_megastairs_1, infiniplex_staircase_pool_2,
          uniq_nergalle
Lair:2:   dragon1_lemuel, layout_small_grid, elwin_shoals_entry_rocks,
          minmay_lair_oklob_chamber, lemuel_fruit_fields, grunt_megastairs_3

Skill      XL: |  1  2  3  4  5  6  7  8  9 10 11 12 |
---------------+-------------------------------------+-----
Unarmed Combat | 4 6 8 10 | 10.7
Transmutations | 3 4 6 7 9 |  9.5
Fighting       | 3 7 10 | 10.3
Spellcasting   | 6 |  6.8
Dodging        | 4 |  4.5
Invocations    | 6 7 |  7.2
Shields        | 3 |  3.1

Action                   |  1- 3 |  4- 6 |  7- 9 | 10-12 || total
-------------------------+-------+-------+-------+-------++-------
Melee: Unarmed           |   117 |   207 |   342 |   334 ||  1000
       Tailslap          |    10 |    11 |    36 |    69 ||   126
       Kick              |     7 |       |       |       ||     7
       Punch             |     1 |     2 |     7 |    25 ||    35
       Headbutt          |       |     1 |       |       ||     1
       Staff             |       |       |    19 |    50 ||    69
 Cast: Beastly Appendage |    12 |     2 |       |       ||    14
       Spider Form       |       |    16 |    21 |     5 ||    42
       Sticks to Snakes  |       |       |     7 |       ||     7
       Blade Hands       |       |       |    10 |    41 ||    51
 Abil: End Transformatio |       |     1 |     5 |     6 ||    12
       Breathe Fire      |       |       |     8 |     5 ||    13
  Use: Scroll            |       |     5 |     5 |    11 ||    21
       Potion            |       |       |       |     1 ||     1
 Stab: Sleeping          |     3 |     2 |     2 |       ||     7
       Distracted        |       |       |     3 |     3 ||     6
  Eat: Chunk             |     2 |    11 |    23 |    17 ||    53
       Ration            |       |     1 |       |     1 ||     2
Armor: Skin              |    39 |    41 |    74 |   134 ||   288
Dodge: Dodged            |    73 |   122 |   266 |   344 ||   805
Block: Buckler           |       |       |       |     3 ||     3

Table legend:
 A = Non-vault XP
 B = Vault XP
 C = Vault XP percentage of total XP
 D = Non-vault monster count
 E = Vault monster count
 F = Vault count percentage of total count
                 A         B        C        D         E       F
            +---------+---------+-------+---------+---------+-------
      Total |   16768 |    8048 |  32.4 |     251 |     110 |  30.5
            +---------+---------+-------+---------+---------+-------
        D:1 |      37 |       3 |   7.5 |      18 |       2 |  10.0
        D:2 |     107 |      67 |  38.5 |      30 |       9 |  23.1
        D:3 |     117 |       2 |   1.7 |      16 |       1 |   5.9
        D:4 |     429 |     256 |  37.4 |      10 |      13 |  56.5
        D:5 |     443 |     173 |  28.1 |      15 |       1 |   6.2
        D:6 |    1084 |       0 |   0.0 |      30 |       0 |   0.0
        D:7 |     936 |     617 |  39.7 |      28 |       2 |   6.7
        D:8 |    1470 |       0 |   0.0 |      27 |       0 |   0.0
        D:9 |    3132 |    1063 |  25.3 |      19 |       4 |  17.4
       D:10 |     324 |    3526 |  91.6 |       5 |      30 |  85.7
       D:11 |    2585 |    1290 |  33.3 |      21 |      45 |  68.2
     Lair:1 |    3142 |     961 |  23.4 |      16 |       2 |  11.1
     Lair:2 |    2962 |      90 |   2.9 |      16 |       1 |   5.9
            +---------+---------+-------+---------+---------+-------
